3A
DELAWARE 1787 BC @ BELLEVUE BRUINS
06/21/2024
 
TOP OF THE 1ST
Delaware 1787 BC batting - Pitching for Bellevue Bruins : RHP Tye Collyer
Pitching: RHP Tye Collyer
Batting: RHB José López 0-0: Called Strike
0-1: Ball
1-1: Fly out, F8 (Line Drive, 8LS)
Batting: LHB Ward Wilberfoss 0-0: Called Strike
0-1: SINGLE (Groundball, 34D)
Batting: RHB Nelson Torez 0-0: Ball
1-0: Ball
2-0: Ball
3-0: Base on Balls
Ward Wilberfoss to second
Batting: RHB Gianpaolo Monachino 0-0: Fly out, F7 (Flyball, 78M)
Batting: RHB Gilberto Rodríguez 0-0: Ball
1-0: SINGLE (Groundball, 56)
Ward Wilberfoss to third
Nelson Torez to second
Runner from 3rd tries for Home, SAFE, no throw or cutoff
Batting: RHB Julián García 0-0: Ball
1-0: Foul Ball, location: 2F
1-1: Reached on error, E5 (Groundball, 5S)
Nelson Torez to third
Gilberto Rodríguez to second
Batting: RHB Jorge Figueroa 0-0: Ground out 6-3 (Groundball, 6)
Top of the 1st over - 1 run(s), 2 hit(s), 1 error(s), 3 left on base; Delaware 1 - Bellevue 0
BOTTOM OF THE 1ST
Bellevue Bruins batting - Pitching for Delaware 1787 BC : RHP Ismael García
Pitching: RHP Ismael García
Batting: RHB Luis Ríos 0-0: Ball
1-0: Foul Ball, location: 2F
1-1: Bunt for hit - play at first, batter OUT! 1-3
Batting: LHB José Barrón 0-0: SINGLE (Line Drive, 3D)
Batting: RHB Gary Chalmers 0-0: Fly out, F4 (Popup, 4D)
Batting: LHB Chia-ch'ing Dodman 0-0: Called Strike
José Barrón steals 2nd base
0-1: Foul Ball, location: 2F
0-2: Strikes out swinging
Bottom of the 1st over - 0 run(s), 1 hit(s), 0 error(s), 1 left on base; Delaware 1 - Bellevue 0
TOP OF THE 2ND
Delaware 1787 BC batting - Pitching for Bellevue Bruins : RHP Tye Collyer
Batting: RHB Senior Pond 0-0: SINGLE (Line Drive, 7LS)
Batting: RHB Thurman Blumer 0-0: Ball
1-0: Ball
2-0: Called Strike
2-1: Fly out, F8 (Flyball, 8LM)
Batting: RHB José López 0-0: Ball
1-0: Ball
2-0: Fielders Choice at 2nd, 6-4 (Groundball, 6M)
Batting: LHB Ward Wilberfoss 0-0: Ball
José López steals 2nd base
1-0: Ball
2-0: Swinging Strike
2-1: Called Strike
José López steals 3rd base
2-2: Fly out, F7 (Flyball, 78S)
Top of the 2nd over - 0 run(s), 1 hit(s), 0 error(s), 1 left on base; Delaware 1 - Bellevue 0
BOTTOM OF THE 2ND
Bellevue Bruins batting - Pitching for Delaware 1787 BC : RHP Ismael García
Batting: LHB Jim Schlossnagle 0-0: Called Strike
0-1: Ball
1-1: Foul Ball, location: 2F
1-2: SINGLE (Line Drive, 34D)
Batting: RHB Edgar González 0-0: Ball
1-0: Called Strike
1-1: Ball
2-1: Foul Ball, location: 2F
2-2: SINGLE (Groundball, 56)
Jim Schlossnagle to second
Batting: RHB Mark Bishop 0-0: Fly out, F8 (Flyball, 8RXD)
Runner from 2nd tags up, SAFE at 3rd, no throw
Batting: LHB Orlando López 0-0: Called Strike
0-1: Ball
1-1: Called Strike
1-2: Ball
2-2: Ground out U3 (Groundball, 3S)
Jim Schlossnagle scores
Edgar González to second
Batting: RHB Luis Rodríguez 0-0: Ground out 6-3 (Groundball, 6)
Bottom of the 2nd over - 1 run(s), 2 hit(s), 0 error(s), 1 left on base; Delaware 1 - Bellevue 1
TOP OF THE 3RD
Delaware 1787 BC batting - Pitching for Bellevue Bruins : RHP Tye Collyer
Batting: RHB Nelson Torez 0-0: Ball
1-0: Swinging Strike
1-1: Ball
2-1: Foul Ball, location: 2F
2-2: SINGLE (Line Drive, 9S)
Batting: RHB Gianpaolo Monachino 0-0: Ball
1-0: Ball
2-0: Ball
3-0: Base on Balls
Nelson Torez to second
Batting: RHB Gilberto Rodríguez 0-0: Swinging Strike
0-1: Ball
1-1: Ball
2-1: Swinging Strike
2-2: Strikes out swinging
Batting: RHB Julián García 0-0: Ball
1-0: Ball
2-0: Ball
3-0: Called Strike
3-1: Base on Balls
Nelson Torez to third
Gianpaolo Monachino to second
Batting: RHB Jorge Figueroa 0-0: Ball
1-0: Fly out, F7 (Flyball, 78S)
Batting: RHB Senior Pond 0-0: Called Strike
0-1: Ground out 6-3 (Groundball, 6)
Top of the 3rd over - 0 run(s), 1 hit(s), 0 error(s), 3 left on base; Delaware 1 - Bellevue 1
BOTTOM OF THE 3RD
Bellevue Bruins batting - Pitching for Delaware 1787 BC : RHP Ismael García
Batting: RHB Luis Ríos 0-0: Ball
1-0: SINGLE (Flyball, 8RS)
Batting: LHB José Barrón 0-0: Foul Ball, location: 2F
0-1: Ball
1-1: Fly out, F9 (Flyball, 89M)
Batting: RHB Gary Chalmers 0-0: Called Strike
Luis Ríos steals 2nd base
0-1: DOUBLE (Line Drive, 8RM)
Luis Ríos scores
Batting: LHB Chia-ch'ing Dodman 0-0: Ball
1-0: Ball
2-0: Ground out 4-3 (Groundball, 4M)
Gary Chalmers to third
Batting: LHB Jim Schlossnagle 0-0: Ball
1-0: Ball
2-0: Called Strike
2-1: Ball
3-1: Called Strike
3-2: Fly out, F9 (Line Drive, 9M)
Bottom of the 3rd over - 1 run(s), 2 hit(s), 0 error(s), 1 left on base; Delaware 1 - Bellevue 2
TOP OF THE 4TH
Delaware 1787 BC batting - Pitching for Bellevue Bruins : RHP Tye Collyer
Batting: RHB Thurman Blumer 0-0: SINGLE (Groundball, 6D)
Batting: RHB José López 0-0: Called Strike
0-1: Swinging Strike
0-2: Strikes out looking
Batting: LHB Ward Wilberfoss 0-0: Called Strike
Thurman Blumer steals 2nd base
0-1: Foul Ball, location: 2F
0-2: Ball
1-2: Ground out 4-3 (Groundball, 4)
Thurman Blumer to third
Batting: RHB Nelson Torez 0-0: Ball
1-0: Called Strike
1-1: Ball
2-1: Fly out, F8 (Flyball, 8RD)
Top of the 4th over - 0 run(s), 1 hit(s), 0 error(s), 1 left on base; Delaware 1 - Bellevue 2
BOTTOM OF THE 4TH
Bellevue Bruins batting - Pitching for Delaware 1787 BC : RHP Ismael García
Batting: RHB Edgar González 0-0: Ball
1-0: Ball
2-0: Bunt for hit - play at first, batter OUT! 2-3
Batting: RHB Mark Bishop 0-0: Ball
1-0: Called Strike
1-1: Called Strike
1-2: Foul Ball, location: 2F
1-2: Foul Ball, location: 2F
1-2: Strikes out swinging
Batting: LHB Orlando López 0-0: Ball
1-0: Called Strike
1-1: Foul Ball, location: 2F
1-2: Foul Ball, location: 2F
1-2: Foul Ball, location: 2F
1-2: DOUBLE (Groundball, 5L)
Batting: RHB Luis Rodríguez 0-0: Called Strike
0-1: Ball
1-1: Ball
2-1: Fly out, F8 (Flyball, 8RXD)
Bottom of the 4th over - 0 run(s), 1 hit(s), 0 error(s), 1 left on base; Delaware 1 - Bellevue 2
TOP OF THE 5TH
Delaware 1787 BC batting - Pitching for Bellevue Bruins : RHP Tye Collyer
Batting: RHB Gianpaolo Monachino 0-0: Ball
1-0: Called Strike
1-1: Fly out, F2 (Popup, 2RF)
Batting: RHB Gilberto Rodríguez 0-0: Foul Ball, location: 2F
0-1: Fly out, F7 (Flyball, 78M)
Batting: RHB Julián García Reached via error on a dropped throw, E3
Batting: RHB Jorge Figueroa 0-0: Ball
1-0: Ball
2-0: SINGLE (Groundball, 34)
Julián García to second
Throwing error, E9
Julián García scores
Jorge Figueroa to second
Batting: RHB Senior Pond 0-0: Fly out, F5 (Line Drive, 5)
Top of the 5th over - 1 run(s), 1 hit(s), 2 error(s), 1 left on base; Delaware 2 - Bellevue 2
BOTTOM OF THE 5TH
Bellevue Bruins batting - Pitching for Delaware 1787 BC : RHP Ismael García
Batting: RHB Luis Ríos 0-0: Called Strike
0-1: Ball
1-1: Fly out, F7 (Line Drive, 7M)
Batting: LHB José Barrón 0-0: Ball
1-0: Ball
2-0: Called Strike
2-1: Foul Ball, location: 2F
2-2: Ball
3-2: Fly out, F9 (Line Drive, 89M)
Batting: RHB Gary Chalmers 0-0: Ball
1-0: Foul Ball, location: 2F
1-1: Ball
2-1: SINGLE (Groundball, 56D)
Batting: LHB Chia-ch'ing Dodman 0-0: Ground out U3 (Groundball, 3S)
Bottom of the 5th over - 0 run(s), 1 hit(s), 0 error(s), 1 left on base; Delaware 2 - Bellevue 2
TOP OF THE 6TH
Delaware 1787 BC batting - Pitching for Bellevue Bruins : RHP Tye Collyer
Batting: RHB Thurman Blumer 0-0: Ball
1-0: Ball
2-0: Called Strike
2-1: Ground out 5-3 (Groundball, 5L)
Batting: RHB José López 0-0: Ball
1-0: Ball
2-0: Fly out, F5 (Popup, 25F)
Batting: LHB Ward Wilberfoss 0-0: Ball
1-0: Ball
2-0: Ball
3-0: Called Strike
3-1: Ground out U3 (Groundball, 3L)
Top of the 6th over - 0 run(s), 0 hit(s), 0 error(s), 0 left on base; Delaware 2 - Bellevue 2
BOTTOM OF THE 6TH
Bellevue Bruins batting - Pitching for Delaware 1787 BC : RHP Ismael García
Batting: LHB Jim Schlossnagle 0-0: Called Strike
0-1: Foul Ball, location: 2F
0-2: SINGLE (Flyball, 7LM)
Batting: RHB Edgar González 0-0: Ball
Jim Schlossnagle steals 2nd base
1-0: Called Strike
1-1: Bunted foul
1-2: Foul Ball, location: 2F
1-2: Ball
2-2: SINGLE (Line Drive, 78S)
Jim Schlossnagle to third
Runner from 3rd tries for Home, SAFE, no throw or cutoff
Batting: RHB Mark Bishop 0-0: Ball
1-0: Bunted foul
1-1: Ball
2-1: Sac Bunt - play at first, batter OUT! 1-4
Edgar González to second
Batting: LHB Orlando López 0-0: Intentional Walk
Batting: RHB Luis Rodríguez 0-0: Fly out, F8 (Flyball, 8RD)
Runner from 2nd tags up, SAFE at 3rd, no throw
Batting: RHB Luis Ríos 0-0: Swinging Strike
0-1: Ball
1-1: Fly out, F9 (Line Drive, 9M)
Bottom of the 6th over - 1 run(s), 2 hit(s), 0 error(s), 2 left on base; Delaware 2 - Bellevue 3
TOP OF THE 7TH
Delaware 1787 BC batting - Pitching for Bellevue Bruins : RHP Tye Collyer
Pitching: RHP Will Moore
Batting: RHB Nelson Torez 0-0: Ground out 6-3 (Groundball, 6)
Batting: RHB Gianpaolo Monachino 0-0: Ball
1-0: Ball
2-0: Called Strike
2-1: Fly out, F2 (Popup, 2LF)
Batting: RHB Gilberto Rodríguez 0-0: Ball
1-0: Ball
2-0: Foul Ball, location: 2F
2-1: Foul Ball, location: 2F
2-2: Strikes out swinging
Top of the 7th over - 0 run(s), 0 hit(s), 0 error(s), 0 left on base; Delaware 2 - Bellevue 3
BOTTOM OF THE 7TH
Bellevue Bruins batting - Pitching for Delaware 1787 BC : RHP Ismael García
Batting: LHB José Barrón 0-0: Called Strike
0-1: Called Strike
0-2: Ball
1-2: Foul Ball, location: 2F
1-2: Ball
2-2: Ground out 4-3 (Groundball, 4)
Batting: RHB Gary Chalmers 0-0: Ball
1-0: Ground out 5-3 (Groundball, 5L)
Batting: LHB Chia-ch'ing Dodman 0-0: Ball
1-0: SINGLE (Groundball, 4MD)
Batting: LHB Jim Schlossnagle 0-0: Ball
1-0: Called Strike
1-1: Ball
2-1: Ground out 3-1 (Groundball, 34)
Bottom of the 7th over - 0 run(s), 1 hit(s), 0 error(s), 1 left on base; Delaware 2 - Bellevue 3
TOP OF THE 8TH
Delaware 1787 BC batting - Pitching for Bellevue Bruins : RHP Will Moore
Batting: RHB Julián García 0-0: Ball
1-0: Ball
2-0: Foul Ball, location: 2F
2-1: Foul Ball, location: 2F
2-2: Strikes out swinging
Batting: RHB Jorge Figueroa 0-0: SINGLE (Line Drive, 78S)
Pinch Hitting: RHB Nobuhiko Nakayama 0-0: Ball
1-0: Called Strike
1-1: Ball
2-1: DOUBLE (Groundball, 5L)
Jorge Figueroa to third
Runner from 3rd tries for Home, SAFE, no throw or cutoff
Pinch Hitting: RHB Lou Faucett 0-0: Intentional Walk
Batting: RHB José López 0-0: Ball
1-0: Grounds into double play, 4-6-3 (Groundball, 4)
Top of the 8th over - 1 run(s), 2 hit(s), 0 error(s), 1 left on base; Delaware 3 - Bellevue 3
BOTTOM OF THE 8TH
Bellevue Bruins batting - Pitching for Delaware 1787 BC : RHP Ismael García
Now at SS: Luchino Salimbeni
Now in LF: Nobuhiko Nakayama
Pinch Hitting: RHB Jesús Vargas 0-0: Ground out 4-3 (Groundball, 13)
Pinch Hitting: SHB Jesús Rodríguez 0-0: Ball
1-0: Called Strike
1-1: Foul Ball, location: 2F
1-2: Ground out 4-3 (Groundball, 4)
Batting: LHB Orlando López 0-0: Fly out, F8 (Flyball, 8LM)
Bottom of the 8th over - 0 run(s), 0 hit(s), 0 error(s), 0 left on base; Delaware 3 - Bellevue 3
TOP OF THE 9TH
Delaware 1787 BC batting - Pitching for Bellevue Bruins : RHP Will Moore
Pitching: LHP Joe Terry
Now at 1B: Jesús Rodríguez
Now in CF: Jesús Vargas
Pinch Hitting: RHB Rick McGuire 0-0: Called Strike
0-1: Ball
1-1: Ball
2-1: Foul Ball, location: 2F
2-2: Ball
3-2: Ground out 4-3 (Groundball, 4)
Batting: RHB Nelson Torez 0-0: Ball
1-0: Ball
2-0: Called Strike
2-1: SINGLE (Line Drive, 56D)
Batting: RHB Gianpaolo Monachino 0-0: Ball
1-0: Ball
2-0: 2-RUN HOME RUN (Flyball, 7LD), Distance : 363 ft
Batting: RHB Gilberto Rodríguez 0-0: Ball
1-0: Foul Ball, location: 2F
1-1: Fly out, F8 (Flyball, 8LM)
Batting: RHB Julián García 0-0: Called Strike
0-1: Called Strike
0-2: Ball
1-2: Strikes out swinging
Top of the 9th over - 2 run(s), 2 hit(s), 0 error(s), 0 left on base; Delaware 5 - Bellevue 3
BOTTOM OF THE 9TH
Bellevue Bruins batting - Pitching for Delaware 1787 BC : RHP Ismael García
Pitching: LHP Brian Brewer
Now at SS: Raul Cate
Batting: RHB Luis Rodríguez 0-0: Called Strike
0-1: Foul Ball, location: 2F
0-2: Strikes out looking
Batting: RHB Luis Ríos 0-0: Ball
1-0: Ball
2-0: Ball
3-0: Base on Balls
Pinch Hitting: RHB Leo Shoemaker 0-0: Called Strike
0-1: Ball
1-1: Ball
2-1: Ball
3-1: SINGLE (Groundball, 56D)
Luis Ríos to second
Batting: RHB Gary Chalmers 0-0: Called Strike
0-1: Ball
1-1: Ball
2-1: Swinging Strike
2-2: Grounds into double play, U6-3 (Groundball, 6M)
Bottom of the 9th over - 0 run(s), 1 hit(s), 0 error(s), 1 left on base; Delaware 5 - Bellevue 3
This league is powered by Out of the Park Baseball, the baseball management simulation game for PC, Mac and Linux
Monday, October 3rd, 2016 - OOTP Baseball 16.9 Build 39